 Dungeon Crawl Stone Soup version 0.27-a0-1026-gbab068f60c (webtiles) character file.

Game seed: 7635251695929325453

5 mostroi the Grave Robber (level 1, 0/13 HPs)
             Began as a Demonspawn Necromancer on Apr 18, 2021.
             Slain by a quokka (3 damage)
             ... on level 1 of the Dungeon.
             The game lasted 00:02:52 (376 turns).

mostroi the Grave Robber (Demonspawn Necromancer)    Turns: 376, Time: 00:02:52

Health: 0/13       AC:  2    Str:  8    XL:     1   Next: 66%
Magic:  3/3        EV: 12    Int: 16    God:
Gold:   21         SH:  0    Dex: 13    Spells: 2/4 levels left

rFire    . . .     SeeInvis .   d - +0 whip
rCold    . . .     Faith    .   (no shield)
rNeg     . . .     Spirit   .   a - +0 robe
rPois    .         Reflect  .   (no helmet)
rElec    .         Harm     .   (no cloak)
rCorr    .         Rampage  .   (no gloves)
Will     .....                  (no boots)
Stlth    ++........             (no amulet)
HPRegen  0.04/turn              b - ring of flight
MPRegen  0.08/turn              (no ring)

@: flying
A: no striking features
a: no special abilities


You were on level 1 of the Dungeon.
You visited 1 branch of the dungeon, and saw 1 of its levels.

You collected 21 gold pieces.

Inventory:

Hand Weapons
 d - a +0 whip (weapon)
Armour
 a - a +0 robe (worn)
Jewellery
 b - a ring of flight (left hand)
Scrolls
 c - a scroll of identify {unknown}


   Skills:
 + Level 1.8 Dodging
 + Level 1.8 Stealth
 + Level 2.1 Spellcasting
 + Level 4.6 Necromancy


You had 2 spell levels left.
You knew the following spells:

 Your Spells              Type           Power      Damage    Failure   Level
a - Pain                  Necr           64%        1d7       3%          1
b - Animate Skeleton      Necr           32%        N/A       3%          1

Your spell library contained the following spells:

 Spells                   Type           Power      Damage    Failure   Level
 Vampiric Draining        Necr           8%         2d7       10%         3
 Animate Dead             Necr           8%         N/A       30%         4
 Agony                    Necr           16%        N/A       65%         5


Dungeon Overview and Level Annotations

Branches:
Dungeon (1/15)

Altars:


Message History

Your bat skeleton barely misses the quokka.
Casting: Animate Skeleton (safe; 3% risk of failure)
Confirm with . or Enter, or press ? or * to list all spells.
There is nothing nearby to animate!
Your bat skeleton barely misses the quokka.
Your bat skeleton hits the quokka but does no damage.
The quokka bites your bat skeleton.
Your bat skeleton hits the quokka but does no damage.
Your bat skeleton barely misses the quokka.
Your bat skeleton hits the quokka.
The quokka bites your bat skeleton.
Your bat skeleton hits the quokka.
The quokka barely misses your bat skeleton.
Your bat skeleton hits the quokka but does no damage.
Your bat skeleton barely misses the quokka.
The quokka bites your bat skeleton.
Your bat skeleton is destroyed!
You completely miss the quokka.
The quokka is almost dead.
The quokka bites you.
* * * LOW HITPOINT WARNING * * *
The quokka misses you.
You hit the quokka but do no damage.
The quokka is almost dead.
The quokka misses you.
You barely miss the quokka.
The quokka is almost dead.
The quokka barely misses you.
You miss the quokka.
The quokka is severely wounded.
The quokka closely misses you. The quokka barely misses you.
You hit the quokka but do no damage.
The quokka is severely wounded.
The quokka closely misses you.
You barely miss the quokka.
The quokka is severely wounded.
The quokka barely misses you.
You hit the quokka but do no damage.
The quokka is severely wounded.
The quokka bites you.
You die...

#.## ...###.# #.# #.. #..#.
#.(#..# #.# #.# ##....#....#
#.# #.# ..........## #.# #.#
......##...## ####.#####.##
#..#..#..#..######............
#.###...###........##.#####.#.
#..#.....#...>####....# #.#. #
...........@r...)...# #...
.#..##.###..####.#.## #...
.... #.# #..# #.#.# ####.. ##.
.[ ...... .)#.......... ##
###..##############.# #..#
#... ...# #..# #.## #..# #.
#..#


You could see a quokka.

Vanquished Creatures
  A bat (D:1)
  A giant cockroach (D:1)
  A goblin (D:1)
  A kobold (D:1)
4 creatures vanquished.

Notes
Turn   | Place    | Note
-------+----------+-------------------------------------------
     0 | D:1      | mostroi the Demonspawn Necromancer began the quest for the
                  | Orb.
     0 | D:1      | Reached XP level 1. HP: 13/13 MP: 3/3
     2 | D:1      | Learned a level 1 spell: Animate Skeleton
   376 | D:1      | Slain by a quokka

Illustrated notes

Levels and vault maps discovered:
D:1:      dpeg_arrival_shelter, layout_loops_ring, minmay_strange_pillars

Action                   || total
-------------------------++-------
Melee: Whip              ||    11
       Unarmed           ||     4
 Cast: Pain              ||     5
       Animate Skeleton  ||     2
Armor: Robe              ||     2
Dodge: Dodged            ||    19

Table legend: (Time is in decaauts)
 A = Elapsed time spent in this place.
 B = Non-inter-level travel time spent in this place.
 C = Inter-level travel time spent in this place.
 D = Time resting spent in this place.
 E = Time spent auto-exploring this place.
 F = Levels seen in this place.
 G = Mean time per level.
                   A        B        C        D        E       F      G
               +--------+--------+--------+--------+--------+-----+--------+
         Total |    376 |    376 |      0 |    275 |      7 |   1 |  376.0 |
       Dungeon |    376 |    376 |      0 |    275 |      7 |   1 |  376.0 |
               +--------+--------+--------+--------+--------+-----+--------+

Top non-repeatable levels by time:
     D:1: 376 daAuts
